Map: Prion Terraces

Players

lesha - Winner!

  • Race: Terran Terran
  • League: Silver

SaranYA

  • Race: Terran Terran
  • League: Gold

VOD

Have the link to the VOD?

Description

Time

  • Played on: Dec. 28, 2015, 10:14 a.m.
  • Length: 14:27
Show
View Real Time Build Order
Export as new Build Order

lesha Terran - Winner!

Build Orders: MMM Bio 

Get SALT Encoding   

  12  0:01  SCV  
  13  0:13  SCV  
  14  0:19  Supply Depot  
  14  0:26  SCV  
  15  0:40  SCV  
  15  0:41  Barracks  
  16  0:52  SCV, Refinery  
  17  1:04  SCV  
  18  1:17  SCV  
  20  1:36  Orbital Command  
  20  1:37  Reaper  
  20  1:41  Command Center  
  20  1:51  Supply Depot  
  20  2:07  SCV  
  21  2:16  Barracks  
  21  2:19  SCV  
  21  2:22  Marine  
  23  2:31  Factory  
  23  2:48  SCV  
  23  2:56  Barracks Reactor  
  23  3:00  SCV  
  24  3:12  Barracks Tech Lab  
  24  3:15  Barracks  
  24  3:17  Factory Tech Lab  
  24  3:24  Refinery  
  24  3:26  Refinery  
  24  3:30  Starport  
  24  3:34  Orbital Command  
  24  3:39  SCV  
  24  3:40  Marine x2  
  27  3:42  Marauder  
  29  3:51  SCV  
  30  3:56  Hellion  
  32  4:02  Stimpack  
  32  4:15  SCV x2, Barracks  
  32  4:16  Barracks  
  34  4:18  Supply Depot, Marine  
  34  4:20  Supply Depot  
  34  4:21  Barracks Reactor  
  35  4:28  Siege Tank  
  38  4:38  Marine x2  
  40  4:49  SCV x2, Bunker  
  40  4:52  Starport Reactor  
  41  5:04  Marine x2  
  41  5:05  Marine x2  
  45  5:07  Marauder  
  45  5:10  Barracks Reactor  
  45  5:11  Barracks Reactor  
  47  5:14  SCV  
  47  5:15  SCV  
  45  5:27  SCV x2  
  39  5:41  Marine x5  
  42  5:45  Medivac x2  
  42  5:49  Marine  
  46  5:50  Marine x3  
  48  5:59  Marine  
  48  6:00  Marine x2  
  48  6:01  Marine x2  
  53  6:15  Siege Tank  
  53  6:16  Marine x4  
  61  6:20  Reaper x2  
  62  6:27  SCV x2  
  54  6:39  SCV x2  
  56  6:43  Marine x6  
  62  6:51  Medivac x2, Marine x2  
  62  6:52  SCV  
  68  7:32  Marine x2  
  70  7:40  Supply Depot  
  70  7:42  Supply Depot x2  
  70  7:49  Marine  
  70  7:51  Marine  
  70  8:01  Marine x3  
  70  8:02  Siege Tank, Marauder  
  70  8:03  Marine x3  
  81  8:07  Marine  
  81  8:31  Marine x3  
  81  8:32  Marine x2  
  84  8:39  Marine x2  
  84  8:40  Marine  
  90  8:41  Siege Tank  
  90  8:42  Medivac x2  
  90  8:48  Supply Depot x3  
  94  8:52  Engineering Bay  
  94  8:54  Armory  
  94  8:57  Engineering Bay  
  94  9:09  Marine x6  
  100  9:13  Siege Tank  
  93  9:42  Marine  
  93  9:43  Marine x7  
  93  9:44  Marine  
  101  9:46  Medivac x2  
  105  10:00  Marine  
  106  10:08  Marine x2  
  106  10:09  Marine x6  
  114  10:18  Marine  
  115  10:24  Command Center  
  115  10:26  Combat Shields, Marine x3  
  118  10:30  Marine x2  
  118  10:48  Supply Depot  
  118  10:49  Supply Depot  
  118  10:51  Supply Depot  
  118  10:52  Supply Depot  
  118  10:53  Supply Depot  
  118  11:09  Marine x4  
Show
View Real Time Build Order
Export as new Build Order

SaranYA Terran 

Build Orders:  

Get SALT Encoding   

  12  0:01  SCV  
  13  0:13  SCV  
  14  0:17  Supply Depot  
  14  0:25  SCV  
  15  0:28  Refinery  
  15  0:42  Barracks  
  15  0:48  Refinery  
  15  0:53  SCV  
  16  1:05  SCV  
  17  1:17  SCV  
  18  1:25  Supply Depot  
  18  1:29  SCV  
  19  1:34  Factory  
  19  1:47  Barracks Reactor  
  19  1:54  Factory  
  19  1:59  SCV  
  20  2:10  Supply Depot  
  20  2:13  SCV  
  21  2:33  Hellion  
  21  2:34  Hellion  
  21  2:36  Barracks Reactor  
  25  2:55  Marine  
  26  3:00  Factory Tech Lab  
  26  3:13  Marine  
  26  3:19  Hellion  
  31  3:20  Hellion  
  31  3:28  Siege Tank  
  31  3:30  Marine  
  35  3:42  Supply Depot  
  35  3:43  Hellion  
  37  3:53  Orbital Command  
  37  4:01  Hellion  
  39  4:14  Supply Depot  
  39  4:17  Hellion  
  41  4:30  Siege Tank  
  44  4:33  SCV  
  45  4:44  Supply Depot  
  45  4:47  Hellion  
  47  5:02  Widow Mine  
  47  5:05  Siege Tank  
  42  5:34  Hellion x2  
  39  5:43  Hellion  
  39  5:56  Hellion  
  44  6:04  Siege Tank  
  44  6:09  Hellion  
  46  6:13  SCV  
  46  6:17  Hellion  
  39  6:44  Hellion x3  
  45  6:52  Barracks Reactor  
  45  7:03  Supply Depot  
  45  7:04  Widow Mine  
  45  7:05  Hellion, Siege Tank  
  52  7:26  Hellion  
  54  7:33  Hellion  
  56  7:37  Siege Tank  
  59  7:48  Hellion  
  61  7:55  Hellion  
  57  8:09  Hellion, Siege Tank  
  62  8:16  Hellion  
  64  8:25  Supply Depot  
  64  8:35  Command Center  
  64  8:41  Siege Tank  
  67  8:57  Hellion  
  67  8:58  Hellion  
  58  9:52  SCV  
  59  9:57  Factory Reactor  
  59  10:04  SCV  
  59  10:06  Cyclone  
  63  10:16  SCV  
  64  10:28  SCV  
  65  10:38  Siege Tank  
  65  10:40  SCV  
  69  10:45  SCV  
  70  10:53  SCV  
  70  10:54  Starport  
Tags
 
Composition
MMM Bio
Matchup
TvT
Race
Terran
Add a new tag
Caveats
  • Supply blocks, unpowered buildings, or Contaminate may cause inaccurate times.
  • Supply counts are checked every 10 seconds.